 Dungeon Crawl Stone Soup version 0.27.1-33-g824d729ab1 (webtiles) character file.

Game seed: 2853167946345329545

31 Ekaitz the Digger (level 3, -3/19 HPs)
             Began as a Deep Elf Earth Elementalist on Dec 10, 2021.
             Slain by Terence (8 damage)
             ... on level 2 of the Dungeon.
             The game lasted 00:02:57 (1732 turns).

Ekaitz the Digger (Deep Elf Earth Elementalist)     Turns: 1732, Time: 00:02:57

Health: -3/19      AC:  2    Str:  6    XL:     3   Next: 7%
Magic:  4/9        EV: 12    Int: 19    God:
Gold:   37         SH:  0    Dex: 15    Spells: 2/8 levels left

rFire    . . .     SeeInvis .   f - +0 dagger
rCold    . . .     Faith    .   (no shield)
rNeg     . . .     Spirit   .   b - +0 robe
rPois    .         Reflect  .   (no helmet)
rElec    .         Harm     .   (no cloak)
rCorr    .         Rampage  .   (no gloves)
Will     .....                  (no boots)
Stlth    ++........             (no amulet)
HPRegen  0.06/turn              (no ring)
MPRegen  0.11/turn              (no ring)

@: no status effects
A: no striking features
a: no special abilities


You were on level 2 of the Dungeon.
You visited 1 branch of the dungeon, and saw 2 of its levels.

You collected 37 gold pieces.

Inventory:

Hand Weapons
 d - a +0 short sword
 f - a +0 dagger (weapon)
Missiles
 a - 23 arrows
 c - 37 stones
 i - 10 poisoned darts
Armour
 b - a +0 robe (worn)
Scrolls
 h - a scroll of identify {unknown}
 j - a scroll of torment {unknown}
 k - a scroll of blinking {unknown}
 l - a scroll of fear {unknown}
Potions
 e - 2 potions of haste {unknown}
 g - a potion of brilliance {unknown}


   Skills:
 * Level 0.2 Fighting
 + Level 2.6 Dodging
 + Level 2.6 Stealth
 + Level 3.3 Spellcasting
 + Level 1.3 Transmutations
 * Level 4.1 Earth Magic


You had 2 spell levels left.
You knew the following spells:

 Your Spells              Type           Power      Damage    Failure   Level
a - Sandblast             Erth           36%        2d10      2%          1
b - Passwall              Tmut/Erth      10%        N/A       8%          2
c - Stone Arrow           Conj/Erth      22%        3d8       19%         3

Your spell library contained the following spells:

 Spells                   Type           Power      Damage    Failure   Level
 Dazzling Flash           Conj/Hex       6%         N/A       41%         3
 Petrify                  Tmut/Erth      13%        N/A       43%         4
 Iskenderun's Mystic Bla  Conj/Tloc      3%         2d3       82%         4
 Starburst                Conj/Fire      1%         6d3       100%        6


Dungeon Overview and Level Annotations

Branches:
Dungeon (2/15)

Altars:

Annotations:
D:2 Terence


Message History

Terence the Incautious comes into view.
He is wielding a +0 flail.
Terence shouts!
You hear an angry hiss.
You hear a shout!
Casting: Stone Arrow (extremely dangerous; 19% risk of failure)
Confirm with . or Enter, or press ? or * to list all spells.
The spell is extremely dangerous to cast (19% risk of failure)!
Continue anyway?
Aiming: Stone Arrow (extremely dangerous; 19% risk of failure)
Press: ? - help, Shift-Dir - straight line, f - Terence
Aim: Terence, wielding a +0 flail and wearing a +0 scale mail (72% to hit)
The stone arrow hits Terence!
Terence is heavily wounded.
Casting: Stone Arrow (extremely dangerous; 19% risk of failure)
Confirm with . or Enter, or press ? or * to list all spells.
The spell is extremely dangerous to cast (19% risk of failure)!
Continue anyway?
Aiming: Stone Arrow (extremely dangerous; 19% risk of failure)
Press: ? - help, Shift-Dir - straight line, f/p - Terence
Aim: Terence, wielding a +0 flail and wearing a +0 scale mail (heavily wounded, 72% to hit)
You miscast Stone Arrow.
You are very lightly contaminated with residual magic.
Nothing appears to happen.
Casting: Stone Arrow (extremely dangerous; 19% risk of failure)
Confirm with . or Enter, or press ? or * to list all spells.
Aiming: Sandblast (safe; 2% risk of failure)
Press: ? - help, Shift-Dir - straight line, f/p - Terence
Aim: Terence, wielding a +0 flail and wearing a +0 scale mail (heavily wounded, 82% to hit)
You miscast Sandblast.
Nothing appears to happen.
Terence says, "Did you write a will?
You should..."
Unknown command.
You hit Terence.
Terence is heavily wounded.
Terence hits you with a +0 flail!
A ball python comes into view.
Found 7 gold pieces.
The ball python hisses angrily.
A frilled lizard comes into view.
Terence hits you with a +0 flail!
* * * LOW HITPOINT WARNING * * *
A kobold comes into view. It is wielding a +0 dagger.
Your magical contamination has completely faded away.
Terence hits you with a +0 flail!
You die...

############ .
.......... ..
.........
...#+#......#
.......####@#.#
........#<#@#.#
..........#S#.#
.######.###.#.# ..
#...# #.#.#
....####.#####l#.#
..............K#รท#
....[............#
>.......##.####..#


You could see Terence, a ball python, a kobold and a frilled lizard.

Vanquished Creatures
  An adder (D:2)
  2 endoplasms (D:1)
  2 giant cockroaches (D:1)
  4 goblins (D:1)
  2 hobgoblins (D:1)
  2 kobolds (D:1)
  4 ball pythons (D:1)
  A bat (D:1)
  A frilled lizard (D:1)
  2 rats
21 creatures vanquished.

Notes
Turn   | Place    | Note
-------+----------+-------------------------------------------
     0 | D:1      | Ekaitz the Deep Elf Earth Elementalist began the quest for
                  | the Orb.
     0 | D:1      | Reached XP level 1. HP: 10/10 MP: 6/6
   344 | D:1      | Reached XP level 2. HP: 4/15 MP: 6/8
   347 | D:1      | Learned a level 2 spell: Passwall
   834 | D:1      | Reached skill level 4 in Earth Magic
  1514 | D:2      | Reached XP level 3. HP: 13/19 MP: 5/9
  1518 | D:2      | Learned a level 3 spell: Stone Arrow
  1712 | D:2      | Noticed Terence
  1732 | D:2      | Slain by Terence

Illustrated notes

Levels and vault maps discovered:
D:1:      mrwooster_arrival_statue_2, layout_basic, hex_tiny,
          minmay_misc_feat_x, minmay_tetromino_s4
D:2:      layout_basic, hellmonk_ecumenical_altar_watching_god, uniq_terence,
          uniq_crazy_yiuf_cottage

Skill      XL: |  1  2 |
---------------+-------+-----
Earth Magic    | 4 |  4.1
Fighting       | |  0.2
Dodging        | |  2.6
Stealth        | |  2.6
Spellcasting   | |  3.3
Transmutations | |  1.3

Action                   || total
-------------------------++-------
Melee: Short sword       ||    39
       Dagger            ||     3
 Cast: Sandblast         ||    10
       Passwall          ||     5
       Stone Arrow       ||     2
 Stab: Sleeping          ||     6
Armor: Robe              ||     8
Dodge: Dodged            ||    23
